 Dungeon Crawl Stone Soup version 0.28.0 (webtiles) character file.

Game seed: 12623439287260797863

102245 inmateoo the Devastator (level 16, -7/89 HPs)
             Began as a Tengu Earth Elementalist on Feb 9, 2022.
             Was a High Priest of Hepliaklqana.
             Mangled by an orc warrior (27 damage)
             ... on level 2 of the Orcish Mines.
             The game lasted 01:03:47 (35069 turns).

inmateoo the Devastator (Tengu Earth Elementalist) Turns: 35069, Time: 01:03:47

Health: -7/89      AC: 10    Str: 12    XL:     16   Next: 32%
Magic:  18/33      EV: 23    Int: 21    God:    Hepliaklqana [*****.]
Gold:   2313       SH:  7    Dex: 21    Spells: 2/39 levels left

rFire   + . .      SeeInvis +   r - +7 dagger "Dini" {vorpal, Str+4 SInv}
rCold   + . .      Faith    .   I - +1 buckler {AC+3}
rNeg    . . .      Spirit   .   s - +2 robe {rC+}
rPois   .          Reflect  .   c - +2 hat
rElec   .          Harm     .   (no cloak)
rCorr   .          Rampage  .   v - +0 pair of gloves {Dex+3}
Will    ++...                   (boots unavailable)
Stlth   +++.......              h - amulet of regeneration
HPRegen 1.04/turn               M - ring of willpower
MPRegen 0.23/turn               G - ring of protection from fire

@: flying quickly and evasively, studying 2 skills, quick
A: reduced essence, beak, talons 3, nimble flight
a: Renounce Religion, Recall Ancestor, Ancestor Identity, Transference, Idealise


You were on level 2 of the Orcish Mines.
You worshipped Hepliaklqana.
Hepliaklqana was extremely pleased with you.
You visited 4 branches of the dungeon, and saw 24 of its levels.
You also visited: Ice Cave and Volcano.

You collected 2313 gold pieces.

Inventory:

Hand Weapons
 r - the +7 dagger "Dini" (weapon) {vorpal, Str+4 SInv}
   (You found it on level 6 of the Dungeon)

   It inflicts extra damage upon your enemies.
   Str:       It affects your strength (+4).
   SInv:      It lets you see invisible.
Missiles
 i - 428 stones
 K - 3 throwing nets (quivered)
Armour
 c - a +2 hat (worn)
 s - a +2 robe of cold resistance (worn)
 v - a +0 pair of gloves of dexterity (worn)
 I - a +1 buckler of protection (worn)
Magical Staves
 Q - a staff of poison
Jewellery
 h - an amulet of regeneration (around neck)
 F - a ring of wizardry
 G - a ring of protection from fire (right hand)
 H - a ring of protection from cold
 M - a ring of willpower (left hand)
 N - the amulet "Jire" {Reflect rElec Dex+4 SH+5}
   (You found it in an ice cave)

   [amulet of reflection]

   It reflects blocked missile attacks.
   Dex:       It affects your dexterity (+4).
   rElec:     It insulates you from electricity.
   SH:        It affects your SH (+5).
 R - a +6 ring of intelligence
Wands
 f - a wand of flame (34)
 k - a wand of charming (8)
 q - a wand of acid (5)
 y - a wand of paralysis (16)
 A - a wand of mindburst (16)
 D - a wand of polymorph (9)
 L - a wand of iceblast (13)
 O - a wand of digging (3)
Scrolls
 a - 12 scrolls of teleportation
 g - 3 scrolls of vulnerability
 j - 4 scrolls of amnesia
 m - 4 scrolls of enchant weapon
 u - 3 scrolls of silence
 w - a scroll of blinking
 z - 5 scrolls of identify
 E - 4 scrolls of fog
 P - 2 scrolls of enchant armour
Potions
 d - 5 potions of might
 e - 5 potions of lignification
 l - 6 potions of cancellation
 n - a potion of resistance
 o - 3 potions of ambrosia
 p - 4 potions of curing
 t - 4 potions of brilliance
 x - 2 potions of haste
 B - 3 potions of mutation
 C - 3 potions of heal wounds
Miscellaneous
 J - a lightning rod (4/4)


   Skills:
 + Level 10.6 Fighting
 + Level 10.8 Dodging
 + Level 5.6 Stealth
 + Level 4.5 Shields
 * Level 4.2 Unarmed Combat
 + Level 12.4 Spellcasting
 + Level 15.7 Conjurations
 + Level 2.3 Necromancy
 - Level 2.0 Translocations
 + Level 5.0 Transmutations
 + Level 6.0 Ice Magic
 + Level 12.9 Air Magic
 - Level 4.0 Earth Magic
 + Level 6.1 Invocations
 + Level 4.5 Evocations


You had 2 spell levels left.
You knew the following spells:

 Your Spells              Type           Power      Damage    Failure   Level
a - Sandblast             Erth           58%        2d13      1%          1
b - Passwall              Tmut/Erth      26%        N/A       1%          2
c - Stone Arrow           Conj/Erth      100%       3d13      1%          3
d - Petrify               Tmut/Erth      32%        N/A       10%         4
e - Blink                 Tloc           42%        N/A       4%          2
f - Freezing Cloud        Conj/Ice/Air   28%        6-21      1%          5
g - Swiftness             Air            61%        N/A       1%          3
h - Irradiate             Conj/Tmut      27%        3d22      2%          5
i - Storm Form            Tmut/Air       25%        N/A       80%         7
j - Borgnjor's Vile Clut  Necr/Erth      13%        N/A       43%         5

Your spell library contained the following spells:

 Spells                   Type           Power      Damage    Failure   Level
 Magic Dart               Conj           100%       1d8       0%          1
 Searing Ray              Conj           100%       2d8       0%          2
 Shock                    Conj/Air       100%       1d9       1%          1
 Corpse Rot               Necr/Air       90%        N/A       1%          2
 Poisonous Vapours        Pois/Air       80%        N/A       1%          2
 Static Discharge         Conj/Air       65%        N/A       1%          2
 Pain                     Necr           88%        1d8       2%          1
 Conjure Flame            Conj/Fire      46%        6-21      1%          3
 Ozocubu's Armour         Ice            38%        N/A       1%          3
 Airstrike                Air            30%        N/A       1%          4
 Fulminant Prism          Conj/Hex       23%        3d13      2%          4
 Sticky Flame             Conj/Fire      46%        2d6       2%          4
 Ignite Poison            Fire/Tmut/Pois 20%        N/A       10%         3
 Blade Hands              Tmut           17%        N/A       22%         5
 Animate Dead             Necr           11%        N/A       24%         4
 Dispel Undead            Necr           22%        3d12      24%         4
 Metabolic Englaciation   Hex/Ice        12%        N/A       45%         5
 Cause Fear               Hex            6%         N/A       54%         4
 Agony                    Necr           22%        N/A       56%         5
 Excruciating Wounds      Necr           11%        N/A       56%         5
 Manifold Assault         Tloc           21%        N/A       61%         5
 Simulacrum               Ice/Necr       15%        N/A       87%         6
 Death Channel            Necr           11%        N/A       98%         6
 Dragon Form              Tmut           17%        N/A       100%        7
 Dragon's Call            Summ           6%         N/A       100%        9
 Polar Vortex             Ice            19%        N/A       100%        9


Dungeon Overview and Level Annotations

Branches:
Dungeon (15/15)            Temple (1/1) D:6            Lair (6/6) D:9
  Swamp (0/4) Lair:3       Spider (0/4) Lair:3        Slime (0/5) Lair:6
    Orc (2/2) D:11            Elf (0/3) Orc:2        Vaults (0/5) D:13
 Depths (0/4) D:15          IceCv (visited)         Volcano (visited)

Altars:
Ashenzari
Cheibriados
Dithmenos
Elyvilon
Fedhas
Gozag
Hepliaklqana
Kikubaaqudgha
Makhleb
Nemelex Xobeh
Okawaru
Qazlal
Ru
Sif Muna
Trog
Uskayaw
Vehumet
Wu Jian
Xom
Yredelemnul
Zin
The Shining One
Jiyva

Shops:
D:13 ((   D:14 :

Portals:
Trove: D:11 (give +7 demon blade)

Annotations:
D:12 1 runed translucent door, braks's ghost, journeyman TrEE
Orc:2 Saint Roka


Innate Abilities, Weirdness & Mutations

Your life essence is reduced to manifest your ancestor. (-10% HP)
You have a beak for a mouth.
You have claws for feet.
Your magical nature lets you fly swiftly and evasively.


Message History

The centaur shoots an arrow.
The arrow hits you!
The centaur is engulfed in freezing vapours.
An orc comes into view. It is wielding a +0 trident.
The orc knight is engulfed in freezing vapours.
The orc knight shoots a bolt.
The bolt hits Simosihle!!
Simosihle is destroyed!
The orc warrior misses you.
The orc warrior is engulfed in freezing vapours.
Unknown command.
Unknown command.
Unknown command.
Unknown command.
Unknown command.
Casting: Freezing Cloud (dangerous; 1% risk of failure)
Confirm with . or Enter, or press ? or * to list all spells.
Aiming: Freezing Cloud (dangerous; 1% risk of failure)
Press: ? - help, Dir - move target, f - centaur
Aim: a centaur, wielding a +0 shortbow and quivering arrows (moderately wounded)
The centaur is engulfed in freezing vapours.
The centaur shoots an arrow.
The arrow barely misses you.
The centaur is engulfed in freezing vapours.
You kill the centaur!
The centaur is engulfed in freezing vapours.
You kill the centaur!
The orc warrior is engulfed in freezing vapours.
The orc warrior shoots a bolt.
The bolt hits you! The orc misses you.
The orc warrior is engulfed in freezing vapours.
You kill the orc warrior!
The orc knight is engulfed in freezing vapours.
The orc knight roars a battlecry!
The orcs go into a battle-frenzy!
The centaur is engulfed in freezing vapours.
The centaur shoots an arrow.
You block the arrow.
The centaur wields a +0 shortbow.
The centaur shoots an arrow.
You block the arrow.
The orc knight is engulfed in freezing vapours.
The orc knight shoots a bolt.
The bolt hits you!!
* * * LOW HITPOINT WARNING * * *
The orc warrior hits you with a +0 scimitar!!
You die...

. #........$$...#.
..##...#...........
...#..(.............
........[....$.......
.....................
.##.#.$.$$[..........
##...#.[)§...§.....
#.....o)[.§o§.#....
##.#..@[$.§c§§.....
#.#..oo.o§§o§§.....
#...#...o§§§§§o.....
##......#§§§§§o.....
#...##...§o§co.)o.o...
##.......o..co......oo
##...$.....oo..oooo..
##........>..oo....
...#....#........


You could see 2 orc knights, 9 orc warriors, 3 centaurs, an orc priest (strong)
and 3 orcs.

Vanquished Creatures
  Rupert (Lair:5)
  A frost giant (D:15)
  A dire elephant (Lair:6)
  Azrael (D:15)
  An ettin (D:12)
  2 fire dragons
  4 hydras
  A vault guard (D:13)
  An ice dragon (IceCv)
  An ogre mage (D:12)
  2 centaur warriors
  2 boulder beetles
  4 two-headed ogres
  2 death knights
  A death yak (Lair:6)
  A tengu warrior (D:15)
  An orc high priest (Orc:1)
  A deep elf knight (D:12)
  2 spectral death yaks (Lair:6)
  A spectral anaconda (Lair:6)
  An obsidian statue (Lair:6)
  A skeletal warrior (D:12)
  2 bog bodies (Lair:3)
  A lindwurm (Volcano)
  3 necromancers (Lair:6)
  A deep elf pyromancer (Orc:1)
  A deep elf zephyrmancer (Orc:1)
  An orc knight (D:12)
  2 ugly things
  A wolf spider (D:15)
  An orc sorcerer (Orc:1)
  4 cyclopes
  Maurice (D:9)
  2 manticores
  12 elephants
  2 ice statues (IceCv)
  The ghost of ilikefood the Slinger, a novice SpAM (D:10)
  A torpor snail (Lair:3)
  2 black mambas (Lair:5)
  5 gargoyles
  2 kobold demonologists
  13 cane toads
  2 komodo dragons
  2 unseen horrors (D:13)
  2 yaktaurs
  5 rime drakes
  7 trolls
  3 slime creatures
  A polar bear (Lair:4)
  19 blink frogs
  6 dream sheep (Lair:4)
  A spectral elephant (Lair:6)
  A centaur simulacrum (D:15)
  A vampire (D:12)
  2 water elementals (D:15)
  4 wraiths
  6 wyverns
  19 yaks
  A shadow (D:9)
  Eustachio (D:5)
  2 basilisks
  3 steam dragons
  10 fire bats (Volcano)
  A death yak simulacrum (Lair:6)
  2 vampire mosquitoes
  A warg (shapeshifter) (D:13)
  A fire elemental (D:15)
  A spectral cane toad (Lair:6)
  2 wargs (Orc:1)
  3 acid dragons
  2 hell hounds (D:15)
  A water moccasin (shapeshifter) (D:15)
  12 water moccasins
  16 orc warriors
  An ice beast (D:6)
  2 black bears
  6 ogres
  2 sky beasts (D:6)
  A hornet zombie (D:8)
  An elephant zombie (Lair:6)
  9 centaurs
  An elephant skeleton (Lair:6)
  3 necrophages
  A phantom (D:5)
  3 kobold brigands
  8 bullfrogs
  6 scorpions
  A cane toad simulacrum (Lair:6)
  2 water moccasin skeletons
  An elephant simulacrum (Lair:6)
  14 wights
  A lindwurm simulacrum (IceCv)
  3 howler monkeys
  5 lava snakes (Volcano)
  5 komodo dragon simulacra (IceCv)
  2 bullfrog zombies
  2 quasits (D:5)
  2 centaur zombies
  2 jellies
  A gnoll shaman (D:3)
  7 orc priests
  2 hounds
  3 iguanas
  Ijyb (D:5)
  A scorpion zombie (D:5)
  17 orc wizards
  4 hell rats (Lair:3)
  A killer bee zombie (D:7)
  A howler monkey skeleton (D:5)
  7 gnolls
  A howler monkey zombie (D:10)
  5 acid dragon simulacra (IceCv)
  4 adders
  2 white imps (D:6)
  2 ufetubi
  A steam dragon simulacrum (IceCv)
  An adder skeleton (D:4)
  An adder zombie (D:3)
  3 worms (Lair:3)
  A dart slug (D:5)
  70 orcs
  4 ball pythons
  4 bats
  9 endoplasms
  3 giant cockroaches
  9 hobgoblins
  6 jackals
  4 quokkas
  3 frilled lizards
  8 goblins
  22 kobolds
  4 rats
527 creatures vanquished.

Vanquished Creatures (collateral kills)
  A storm dragon (D:12)
  An orc warlord (Orc:1)
  2 stone giants (D:12)
  A dire elephant (Lair:6)
  2 ettins
  3 vault guards
  Harold (D:11)
  A hydra (Lair:6)
  2 boulder beetles
  A centaur warrior (D:15)
  A two-headed ogre (Orc:1)
  4 death yaks
  A tengu warrior (D:13)
  An orc high priest (Orc:2)
  A deep elf knight (Orc:1)
  A skeletal warrior (D:13)
  A lindwurm (Lair:6)
  2 wizards (D:14)
  A deep elf pyromancer (D:13)
  An ugly thing (D:12)
  An orc knight (D:15)
  2 manticores (D:13)
  2 cyclopes
  3 elephants
  A centaur zombie (D:11)
  9 cane toads
  An unseen horror (D:12)
  3 rime drakes
  An efreet (D:13)
  2 freezing wraiths
  4 komodo dragons
  4 trolls
  2 polar bears
  4 blink frogs (Lair:5)
  4 slime creatures (D:12)
  A shadow (D:11)
  2 basilisks
  2 wraiths (D:12)
  11 yaks
  2 fire elementals (D:15)
  2 vampire mosquitoes (D:13)
  A steam dragon (Volcano)
  3 fire bats (Volcano)
  A death yak simulacrum (Lair:6)
  A harpy simulacrum (D:14)
  An acid dragon (D:13)
  3 water moccasins
  8 orc warriors
  An elephant zombie (Lair:6)
  The ghost of robertstho the Shooter, an amateur MiHu (D:3)
  3 ogres
  2 centaurs (Orc:2)
  A cane toad simulacrum (Lair:6)
  4 killer bees (D:11)
  A lindwurm simulacrum (IceCv)
  2 howler monkeys
  A lava snake (Volcano)
  7 komodo dragon simulacra (IceCv)
  An orc priest (Orc:1)
  8 orc wizards
  An acid dragon simulacrum (IceCv)
  The ghost of multipassport the Sneak, a weakling DjDe (D:4)
  9 orcs
  3 kobolds
  A quokka (D:4)
  A ball python (D:3)
158 creatures vanquished.

Vanquished Creatures (others)
  A water moccasin (Lair:6)
  4 ancestors
  18 battlemagi
  29 fungi
  38 plants
  12 withered plants (Lair:6)
102 creatures vanquished.

Grand Total: 787 creatures vanquished

Notes
Turn   | Place    | Note
-------+----------+-------------------------------------------
     0 | D:1      | inmateoo the Tengu Earth Elementalist began the quest for
                  | the Orb.
     0 | D:1      | Reached XP level 1. HP: 10/10 MP: 4/4
   244 | D:1      | Reached XP level 2. HP: 15/15 MP: 4/6
   287 | D:1      | Learned a level 2 spell: Passwall
   602 | D:1      | Found a faded altar of an unknown god.
   723 | D:1      | Reached XP level 3. HP: 19/19 MP: 2/8
   889 | D:1      | Learned a level 2 spell: Blink
   893 | D:1      | Learned a level 3 spell: Stone Arrow
  1196 | D:2      | Reached skill level 1 in Conjurations
  1752 | D:2      | Reached skill level 2 in Conjurations
  2380 | D:3      | Reached XP level 4. HP: 16/24 MP: 6/10
  2574 | D:3      | Found a transporter.
  2574 | D:3      | Noticed robertstho's ghost (amateur MiHu)
  2577 | D:3      | Found a transporter.
  2682 | D:3      | Reached skill level 3 in Conjurations
  2993 | D:2      | Gained mutation: Your magical nature lets you fly swiftly
                  | and evasively. [Tengu growth]
  2993 | D:2      | Reached XP level 5. HP: 5/28 MP: 4/11
  3575 | D:3      | Found a stormy altar of Qazlal.
  3907 | D:3      | Reached skill level 4 in Conjurations
  4582 | D:4      | Noticed multipassport's ghost (weakling DjDe)
  4588 | D:4      | Found a transporter.
  4690 | D:4      | Reached skill level 5 in Conjurations
  4690 | D:4      | Reached XP level 6. HP: 32/32 MP: 6/13
  4933 | D:4      | Found a transporter.
  5225 | D:3      | Reached skill level 6 in Conjurations
  5615 | D:4      | Reached XP level 7. HP: 31/36 MP: 0/15
  6168 | D:5      | Entered Level 5 of the Dungeon
  6388 | D:5      | Reached skill level 7 in Conjurations
  6394 | D:5      | Found a shimmering blue altar of Sif Muna.
  6570 | D:5      | Noticed Eustachio
  6922 | D:5      | Reached skill level 5 in Spellcasting
  7153 | D:5      | Noticed Ijyb
  7159 | D:5      | Killed Ijyb
  7223 | D:5      | Found a shimmering altar of Xom.
  7362 | D:5      | Reached skill level 8 in Conjurations
  7469 | D:5      | Killed Eustachio
  7470 | D:5      | Reached XP level 8. HP: 42/42 MP: 0/16
  7595 | D:6      | Reached skill level 1 in Fighting
  7595 | D:6      | Reached skill level 1 in Evocations
  7803 | D:6      | Learned a level 4 spell: Petrify
  7962 | D:6      | Reached skill level 1 in Transmutations
  8299 | D:6      | Identified the +7 dagger "Dini" {vorpal, Str+4 SInv}
  8647 | D:6      | Reached XP level 9. HP: 48/48 MP: 11/18
  8850 | D:6      | Found an opulent altar of Gozag.
  8992 | D:6      | Reached skill level 9 in Conjurations
  9100 | D:6      | Found an ornate altar of the Wu Jian Council.
  9102 | D:6      | Found a basalt altar of Yredelemnul.
  9159 | D:6      | Found a staircase to the Ecumenical Temple.
  9371 | Temple   | Entered the Ecumenical Temple
  9378 | Temple   | Became a worshipper of Hepliaklqana the Forgotten
 10848 | D:8      | Reached skill level 10 in Conjurations
 10986 | D:8      | Reached XP level 10. HP: 56/56 MP: 16/20
 11419 | D:8      | Noticed a gargoyle
 11787 | D:8      | Reached * piety under Hepliaklqana
 12012 | D:9      | Found a staircase to the Lair.
 12226 | D:9      | Noticed a two-headed ogre
 12231 | D:9      | Killed a two-headed ogre
 12232 | D:9      | Reached skill level 11 in Conjurations
 12331 | D:9      | Noticed Maurice
 12342 | D:9      | Killed Maurice
 12723 | D:9      | Learned a level 5 spell: Freezing Cloud
 12933 | D:10     | Entered Level 10 of the Dungeon
 12936 | D:10     | Noticed a kobold demonologist
 12944 | D:10     | Killed a kobold demonologist
 12959 | D:10     | Reached skill level 1 in Air Magic
 13147 | D:10     | Found a large runed translucent door.
 13147 | D:10     | Found a large runed translucent door.
 13173 | D:10     | Noticed ilikefood's ghost (novice SpAM)
 13439 | D:10     | Noticed a gargoyle
 13460 | D:10     | Reached skill level 12 in Conjurations
 13553 | D:10     | Killed a gargoyle
 13554 | D:10     | Reached skill level 1 in Ice Magic
 13554 | D:10     | Reached skill level 1 in Invocations
 13668 | D:10     | Reached XP level 11. HP: 55/55 MP: 10/24
 14264 | D:11     | Noticed a two-headed ogre
 14268 | D:11     | Killed a two-headed ogre
 14331 | D:11     | Noticed a white ugly thing
 14339 | D:11     | Killed a white ugly thing
 14441 | D:11     | Reached skill level 5 in Dodging
 14593 | D:11     | Reached ** piety under Hepliaklqana
 14594 | D:11     | Remembered your ancestor Simosihle as a battlemage
 14669 | D:11     | Found a staircase to the Orcish Mines.
 14720 | D:11     | Reached skill level 5 in Fighting
 14959 | D:11     | Found a portal to a secret trove of treasure.
 15017 | D:11     | Noticed Harold
 15024 | D:11     | Killed Harold
 15452 | D:12     | Noticed a two-headed ogre
 15456 | D:12     | Killed a two-headed ogre
 15516 | D:12     | Noticed a cyclops
 15527 | D:12     | Killed a cyclops
 15923 | D:12     | Found a runed translucent door.
 15924 | D:12     | Found a shimmering altar of Xom.
 15924 | D:12     | Noticed a +2 great sword of chaos
 15924 | D:12     | Noticed braks's ghost (journeyman TrEE)
 15939 | D:12     | Reached *** piety under Hepliaklqana
 15963 | D:12     | Noticed a manticore
 15967 | D:12     | Killed a manticore
 15968 | D:12     | Reached skill level 5 in Air Magic
 16051 | D:12     | Noticed a cyan ugly thing
 16138 | D:12     | Reached XP level 12. HP: 62/62 MP: 15/25
 16171 | D:12     | Reached skill level 13 in Conjurations
 16579 | D:12     | Noticed an ettin
 16579 | D:12     | Noticed a stone giant
 16579 | D:12     | Noticed a boulder beetle
 16876 | D:13     | Noticed a two-headed ogre
 16885 | D:13     | Killed a two-headed ogre
 16962 | D:13     | Noticed a death knight
 17415 | D:13     | Noticed a vault guard
 17421 | D:13     | Killed a death knight
 17435 | D:12     | Killed a vault guard
 17642 | D:13     | Noticed a vault guard
 17781 | D:13     | Killed a vault guard
 17789 | D:13     | Noticed a tengu warrior
 17875 | D:13     | Killed a tengu warrior
 17916 | D:13     | Learned a level 3 spell: Swiftness
 18032 | D:13     | Reached skill level 5 in Ice Magic
 18044 | D:13     | Found a gate to the Vaults.
 18078 | D:13     | Noticed a vault guard
 18086 | D:13     | Killed a vault guard
 18087 | D:13     | Reached skill level 5 in Invocations
 18236 | D:13     | Noticed a vault guard
 18244 | D:13     | Killed a vault guard
 18245 | D:13     | Reached XP level 13. HP: 68/68 MP: 23/27
 18316 | D:13     | Found Qiwkosih's Weapon Shoppe.
 18334 | D:13     | Reached skill level 14 in Conjurations
 18358 | D:13     | Found Lyrexoluk's Antique Weapon Shoppe.
 18746 | D:14     | Reached **** piety under Hepliaklqana
 18763 | D:14     | Found Baeq's Book Emporium.
 18767 | D:14     | Reached skill level 10 in Spellcasting
 19620 | D:15     | Entered Level 15 of the Dungeon
 20197 | D:15     | Noticed Azrael
 20205 | D:15     | Reached skill level 1 in Shields
 20242 | D:15     | Killed Azrael
 20776 | D:15     | Noticed a frost giant
 20789 | D:15     | Killed a frost giant
 20790 | D:15     | Reached skill level 15 in Conjurations
 20943 | D:15     | Found a staircase to the Depths.
 21383 | D:3      | Killed robertstho's ghost
 21594 | D:4      | Killed multipassport's ghost
 21885 | D:8      | Found a glowing golden altar of the Shining One.
 21976 | D:10     | Killed ilikefood's ghost
 21977 | D:10     | Reached skill level 10 in Air Magic
 22048 | Lair:1   | Entered Level 1 of the Lair of Beasts
 22882 | Lair:2   | Reached ***** piety under Hepliaklqana
 23155 | Lair:2   | Reached XP level 14. HP: 74/74 MP: 22/29
 23853 | Lair:3   | Found a hole to the Spider Nest.
 23948 | Lair:3   | Found a dark tunnel.
 23966 | Volcano  | Entered a volcano
 24540 | Volcano  | Found a radiant altar of Vehumet.
 24565 | Volcano  | Found a bloodstained altar of Trog.
 25247 | Lair:3   | Found a staircase to the Swamp.
 27539 | Lair:5   | Found a frozen archway.
 27554 | Lair:5   | Reached skill level 10 in Dodging
 27652 | IceCv    | Entered an ice cave
 27927 | IceCv    | Reached XP level 15. HP: 67/82 MP: 14/32
 28185 | IceCv    | Learned a level 5 spell: Irradiate
 28471 | IceCv    | Reached skill level 10 in Fighting
 28601 | IceCv    | Identified the amulet "Jire" {Reflect rElec Dex+4 SH+5}
 28677 | Lair:5   | Reached skill level 1 in Unarmed Combat
 28900 | Lair:5   | Learned a level 7 spell: Storm Form
 29089 | Lair:5   | Reached ****** piety under Hepliaklqana
 29090 | Lair:5   | Noticed Rupert
 29110 | Lair:5   | Killed Rupert
 29299 | Lair:6   | Entered Level 6 of the Lair of Beasts
 29317 | Lair:6   | Reached skill level 1 in Translocations
 29895 | Lair:6   | Found a viscous altar of Jiyva.
 29895 | Lair:6   | Found a staircase to the Slime Pits.
 31229 | Lair:6   | Learned a level 5 spell: Borgnjor's Vile Clutch
 31489 | Lair:6   | Reached skill level 5 in Stealth
 32204 | D:12     | Reached skill level 1 in Necromancy
 32430 | D:12     | Noticed a storm dragon
 32983 | D:12     | Killed a storm dragon
 33127 | D:12     | Reached XP level 16. HP: 75/88 MP: 14/33
 33504 | Orc:1    | Entered Level 1 of the Orcish Mines
 33706 | Orc:1    | Identified the +5 scimitar "Fyamp" {vorpal, Fly rF+ Will-
                  | Str+3}
 34050 | Orc:1    | Reached skill level 5 in Transmutations
 34255 | Orc:2    | Entered Level 2 of the Orcish Mines
 34255 | Orc:2    | Found a staircase to the Elven Halls.
 34894 | Orc:2    | Noticed Saint Roka
 35069 | Orc:2    | Mangled by an orc warrior

Illustrated notes

Levels and vault maps discovered:
D:1:      mainiacjoe_arrival_reflecting_pool, layout_basic,
          hellmonk_ecumenical_altar_crossroads, minmay_cupped
D:2:      wad_pebble_path, layout_loops_ring, serial_bayou, serial_bayou_pond_e,
          serial_bayou_shore_a, serial_bayou_pond_d, serial_bayou_lagoon_a,
          serial_bayou_pond_c, minmay_statues_item, minmay_misc_feat_rows,
          st_stairs_13, kennysheep_generic_room_10
D:3:      layout_loops_corners, nicolae_qazlal_eye_of_the_storm,
          gammafunk_ghost_arena
D:4:      layout_basic, gammafunk_ghost_arena,
          nicolae_concentric_dashed_squares_mild
D:5:      cheibrodos_quashed, layout_rooms, nicolae_sif_muna_condensation,
          kennysheep_mini, skrybe_limestone_x, uniq_ijyb, uniq_eustachio
D:6:      kb_forest_paths, layout_basic, general_overflow_altar,
          mainiacjoe_overflow_catwalk_spiral
D:7:      layout_basic, serial_rivers, chequers_serial_rivers_large_a,
          chequers_serial_rivers_marsh, chequers_serial_rivers_small_b,
          chequers_serial_rivers_small_b
D:8:      layout_layer_cave, nicolae_tso_carved_into_rock
D:9:      layout_basic, lair_entry_dummy, uniq_maurice
D:10:     layout_grid_maze, ebering_ghost_disaster_area
D:11:     layout_roguey, orc_0_dummy, nicolae_trove_entry_isolated,
          kennysheep_generic_room_12, uniq_harold
D:12:     layout_gridville, ebering_ghost_xom, grunt_decor_junction,
          nicolae_rejected_hall
D:13:     layout_big_octagon, lightli_vaults_fourway_checkpoint, serial_shops,
          kennysheep_mini_moat, shop
D:14:     layout_roguey, minivault_25, serial_shops, shop_fountains
D:15:     grunt_enter_depths_snipers, layout_basic, minmay_crystal_water,
          uniq_azrael
Temple:   nicolae_temple_no_exploring_needed
Lair:1:   layout_gridlike
Lair:2:   layout_cave_shapes, beast_lair_carwin_10
Lair:3:   layout_loops_ring, skrybe_swamp_entry_bodies,
          nicolae_spider_entry_non_spiders, nicolae_volcano_entry_hallway,
          infiniplex_staircase_pool
Lair:4:   layout_roguey
Lair:5:   layout_hall_layers, portal_ice_cave_entry_pillars_2, uniq_rupert
Lair:6:   due_jungle_book, layout_small_grid, slime_altar_1
Orc:1:    layout_caves, elf_legates
Orc:2:    st_orc_rangers, layout_caves, lightli_orcish_oven, uniq_saint_roka

Skill      XL: |  1  2  3  4  5  6  7  8  9 10 11 12 13 14 15 16 |
---------------+-------------------------------------------------+-----
Spellcasting   | 3 4 5 6 8 9 10 12 | 12.4
Conjurations   | 2 3 5 6 8 10 12 13 15 | 15.7
Earth Magic    | 3 4 |  4.0
Fighting       | 2 4 5 7 9 10 | 10.6
Evocations     | 2 3 4 |  4.5
Dodging        | 3 4 6 7 8 10 | 10.8
Transmutations | 1 3 4 5 |  5.0
Stealth        | 3 4 5 |  5.6
Air Magic      | 2 5 7 10 12 | 12.9
Ice Magic      | 1 3 5 6 |  6.0
Invocations    | 1 3 5 6 |  6.1
Shields        | 3 4 |  4.5
Unarmed Combat | 3 4 |  4.2
Translocations | 2 |  2.0
Necromancy     | 1 2 |  2.3

Action                   |  1- 3 |  4- 6 |  7- 9 | 10-12 | 13-15 | 16-18 || total
-------------------------+-------+-------+-------+-------+-------+-------++-------
Melee: Dagger            |    18 |    19 |    33 |    26 |    38 |    21 ||   155
       Kick              |     7 |     6 |     7 |     8 |    17 |     6 ||    51
       Peck              |     2 |     3 |     8 |     7 |    14 |     5 ||    39
 Cast: Sandblast         |    66 |    59 |     6 |     6 |    20 |     1 ||   158
       Stone Arrow       |       |    43 |   156 |   217 |   510 |    80 ||  1006
       Freezing Cloud    |       |       |       |     2 |    24 |    11 ||    37
       Petrify           |       |       |       |     1 |     7 |     1 ||     9
       Blink             |       |       |       |     1 |     1 |       ||     2
       Passwall          |       |       |       |       |     3 |       ||     3
       Swiftness         |       |       |       |       |     2 |       ||     2
       Irradiate         |       |       |       |       |     9 |       ||     9
Invok: Recall Ancestor   |       |       |       |    10 |    22 |     3 ||    35
       Ancestor Life: Ba |       |       |       |     1 |       |       ||     1
       Idealise          |       |       |       |       |     2 |       ||     2
Evoke: Wand              |       |       |       |     4 |    19 |       ||    23
  Use: Scroll            |     2 |     5 |     6 |     7 |    13 |       ||    33
       Potion            |       |     1 |       |       |       |       ||     1
 Stab: Paralysed         |       |       |       |     5 |       |       ||     5
       Betrayed ally     |       |       |       |     1 |       |       ||     1
       Sleeping          |       |       |       |       |     1 |       ||     1
       Petrified         |       |       |       |       |    13 |       ||    13
       Distracted        |       |       |       |       |     2 |       ||     2
Armor: Robe              |     5 |     8 |    14 |     9 |    31 |     7 ||    74
Dodge: Dodged            |    26 |    32 |    76 |   104 |   113 |   123 ||   474
Block: Buckler           |       |       |       |     1 |    38 |    40 ||    79
